 Dungeon Crawl Stone Soup version 0.22.1-2-g9c5b331 (webtiles) character file.

1985 Lilu the Magician (level 9, -5/51 HPs)
             Began as a Deep Elf Wizard on Dec 12, 2018.
             Was a Follower of Vehumet.
             Killed by divine providence
             ... invoked by an orc priest
              (13 damage)
             ... on level 4 of the Dungeon.
             The game lasted 00:30:56 (10455 turns).

Lilu the Magician (Deep Elf Wizard)                Turns: 10455, Time: 00:30:56

Health: -5/51      AC:  8    Str:  4    XL:     9   Next: 1%
Magic:  4/21       EV: 14    Int: 27    God:    Vehumet [*.....]
Gold:   296        SH:  0    Dex: 13    Spells: 5/21 levels left

rFire    . . .     SeeInvis .   x - +0 shortbow
rCold    . . .     Gourm    .   (shield currently unavailable)
rNeg     . . .     Faith    .   q - +0 leather armour
rPois    .         Spirit   .   o - +1 helmet
rElec    .         Reflect  .   (no cloak)
rCorr    .         Harm     .   n - +2 pair of gloves
MR       .....                  (no boots)
Stlth    ++........             (no amulet)
HPRegen  0.17/turn              s - ring of flight
MPRegen  0.17/turn              (no ring)

@: no status effects
A: no striking features
a: Renounce Religion, Evoke Flight


You were on level 4 of the Dungeon.
You worshipped Vehumet.
Vehumet was aware of your devotion.
You were not hungry.

You visited 2 branches of the dungeon, and saw 9 of its levels.
You also visited: Sewer.

You collected 296 gold pieces.

Inventory:

Hand Weapons
 m - a +0 dagger
 t - a +0 long sword
 x - a +0 shortbow (weapon)
Missiles
 v - 73 arrows (quivered)
Armour
 n - a +2 pair of gloves (worn)
 o - a +1 helmet (worn)
 q - a +0 leather armour (worn)
 w - the +5 scale mail "Syzxurob" {Dex+2, unknown}
   (You found it on level 8 of the Dungeon)

   It affects your dexterity (+2).
Jewellery
 s - a ring of flight (left hand)
Wands
 i - a wand of flame (36)
 r - a wand of random effects (32)
 y - a wand of digging (21)
Scrolls
 e - 2 scrolls of identify
 l - 2 scrolls of teleportation
 p - a scroll of enchant weapon {unknown}
Potions
 a - 3 potions of heal wounds
 b - a potion of agility {unknown}
 c - 3 potions of brilliance {unknown}
 f - a potion of cancellation {unknown}
 g - 2 potions of flight {unknown}
 h - a potion of magic {unknown}
 j - 3 potions of haste {unknown}
 k - 3 potions of curing {unknown}
 u - a potion of berserk rage {unknown}
 z - a potion of might {unknown}
 A - a potion of lignification {unknown}
 B - 2 potions of ambrosia {unknown}
Comestibles
 d - 19 rations


   Skills:
 + Level 3.5 Fighting
 + Level 6.6 Dodging
 - Level 2.4 Stealth
 + Level 6.9 Spellcasting
 + Level 6.8 Conjurations
 - Level 2.0 Summonings
 - Level 2.0 Translocations
 + Level 4.2 Fire Magic
 - Level 2.0 Air Magic
 - Level 2.0 Poison Magic


You had 5 spell levels left.
You knew the following spells:

 Your Spells              Type           Power        Failure   Level  Hunger
a - Magic Dart            Conj           ####         1%          1    None
b - Mephitic Cloud        Conj/Pois/Air  ####....     7%          3    None
c - Conjure Flame         Conj/Fire      #####...     3%          3    None
d - Blink                 Tloc           N/A          7%          2    None
e - Call Imp              Summ           ###.....     7%          2    None
f - Fireball              Conj/Fire      #####.....   30%         5    #####..

Your spell library contained the following spells:

 Spells                   Type           Power        Failure   Level  Hunger
 Shock                    Conj/Air       ####         1%          1    None
 Flame Tongue             Conj/Fire      #####        1%          1    None
 Throw Flame              Conj/Fire      #####.       1%          2    None
 Animate Skeleton         Necr           N/A          11%         1    None
 Pain                     Necr           #...         11%         1    None
 Sticky Flame             Conj/Fire      #####...     11%         4    ###....
 Inner Flame              Hex/Fire       ###.....     13%         3    None
 Slow                     Hex            #.......     16%         2    None
 Regeneration             Chrm/Necr      #.........   32%         3    None
 Vampiric Draining        Necr           #.........   32%         3    None
 Animate Dead             Necr           N/A          71%         4    ###....


Dungeon Overview and Level Annotations

Branches:
Dungeon (8/15)             Temple (1/1) D:4
   Lair: D:8-11

Altars:
Ashenzari
Cheibriados
Dithmenos
Elyvilon
Fedhas
Hepliaklqana
Kikubaaqudgha
Nemelex Xobeh
Qazlal
Trog
Uskayaw
Vehumet
Xom
Yredelemnul
The Shining One

Shops:
D:7 ?

Annotations:
D:6 Prince Ribbit


Message History

t - Shout!
Orders for allies: a - Attack new target. p - Attack previous target. r - Retreat! s - Stop attacking. g - Guard the area. f - Follow me.
Anything else - Cancel.
Gang up on whom?
Press: ? - help, Dir - move target cursor, f/p - orc priest
Aim: an orc priest, wielding a flail and wearing a chain mail (lightly wounded) Attack!
The orc priest hits your crimson imp with a flail!
Your white imp hits the orc priest but does no damage.
Your crimson imp hits the orc priest but does no damage.
The orc priest calls down the wrath of Beogh upon you.
Beogh smites you!
* * * LOW HITPOINT WARNING * * *
Your white imp hits the orc priest but does no damage.
Your crimson imp hits the orc priest.
The orc priest calls down the wrath of Beogh upon you.
Beogh smites you!
You die...

##########5###..........#.
#.[5.# #..........#.
#########o#### #######......
#........55.##### #......
#...............# #..####
#...............# #..#..<
#...............# #..#.#.
#........##'##### #..#.##
#........##@# #..#.##
#........##.# #..#...
#........##.# #..#...
###########'##########..##.#
#........#.....##.#
#........#....._...
#........#.....##.#
#........#.....##..
#........#.....####


You could see an orc priest, a friendly crimson imp and a friendly white imp.

Vanquished Creatures
  A sky beast (D:7)
  2 phantoms
  2 ogres
  2 centaurs
  2 bullfrogs
  A wyvern skeleton (D:7)
  A wight (D:7)
  A crimson imp (D:7)
  3 hounds
  Jessica (D:3)
  2 centaur skeletons (D:5)
  2 iguanas (D:5)
  4 orc wizards
  3 worker ants
  A hound zombie (D:8)
  8 adders
  A shadow imp (D:5)
  12 oozes
  4 worms
  3 dart slugs
  18 leopard geckos
  20 orcs
  17 giant cockroaches
  5 goblins
  7 hobgoblins
  9 jackals
  A quokka (D:1)
  8 ball pythons (Sewer)
  7 bats
  14 frilled lizards
  7 kobolds
  2 quokka skeletons
  8 rats
179 creatures vanquished.

Vanquished Creatures (collateral kills)
  Sigmund (D:5)
  2 orc warriors (D:7)
  An ogre (D:6)
  A crocodile (D:8)
  2 bullfrogs (Sewer)
  4 orc priests
  A bullfrog skeleton (D:6)
  An ooze (Sewer)
  An orc (D:6)
  2 frilled lizards (Sewer)
  A leopard gecko zombie (D:7)
17 creatures vanquished.

Grand Total: 196 creatures vanquished

Notes
Turn   | Place    | Note
-------+----------+-------------------------------------------
     0 | D:1      | Lilu the Deep Elf Wizard began the quest for the Orb.
     0 | D:1      | Reached XP level 1. HP: 10/10 MP: 7/7
   415 | D:1      | Reached XP level 2. HP: 15/15 MP: 7/9
  1216 | D:2      | Reached XP level 3. HP: 14/20 MP: 7/11
  1225 | D:2      | Learned a level 3 spell: Mephitic Cloud
  1517 | D:2      | Reached skill level 1 in Fighting
  1835 | D:2      | Reached XP level 4. HP: 25/25 MP: 2/12
  2250 | D:2      | Reached skill level 5 in Spellcasting
  2490 | D:2      | Learned a level 3 spell: Conjure Flame
  2493 | D:2      | Learned a level 2 spell: Blink
  2496 | D:2      | Learned a level 2 spell: Call Imp
  2617 | D:3      | Noticed Jessica
  2622 | D:3      | Killed Jessica
  2693 | D:3      | Found a snail-covered altar of Cheibriados.
  2753 | D:3      | Found a bloodstained altar of Trog.
  2756 | D:3      | Found a radiant altar of Vehumet.
  2756 | D:3      | Found a shattered altar of Ashenzari.
  2758 | D:3      | Found a basalt altar of Yredelemnul.
  2758 | D:3      | Found a shimmering altar of Xom.
  2758 | D:3      | Found a shimmering altar of Xom.
  2917 | D:3      | Found a glowing drain.
  2969 | Sewer    | Entered a sewer
  2973 | Sewer    | Reached XP level 5. HP: 29/29 MP: 9/14
  4031 | Sewer    | Reached XP level 6. HP: 30/35 MP: 4/15
  4169 | Sewer    | Reached skill level 1 in Air Magic
  4169 | Sewer    | Reached skill level 1 in Poison Magic
  4617 | D:4      | Found a staircase to the Ecumenical Temple.
  4627 | Temple   | Entered the Ecumenical Temple
  4702 | Temple   | Became a worshipper of Vehumet
  4817 | D:4      | Reached skill level 1 in Fire Magic
  5776 | D:4      | Reached XP level 7. HP: 35/39 MP: 0/16
  6011 | D:4      | Found a blossoming altar of Fedhas.
  6121 | D:4      | Found a shadowy altar of Dithmenos.
  6306 | D:4      | Reached skill level 5 in Conjurations
  6396 | D:5      | Entered Level 5 of the Dungeon
  6635 | D:5      | Found a stormy altar of Qazlal.
  6657 | D:5      | Noticed Sigmund
  6667 | D:5      | Killed Sigmund
  6667 | D:5      | Reached skill level 5 in Dodging
  6677 | D:5      | Learned a level 5 spell: Fireball
  6741 | D:5      | You fall through a shaft!
  6829 | D:7      | Reached * piety under Vehumet
  6829 | D:7      | Offered knowledge of Shock by Vehumet.
  6945 | D:8      | Got a distressingly furry scale mail
  7126 | D:7      | Reached XP level 8. HP: 20/45 MP: 7/18
  7411 | D:6      | Noticed Prince Ribbit
  7677 | D:7      | Found a hazy altar of Hepliaklqana.
  7678 | D:7      | Found Eqaedyeq's Magic Scroll Boutique.
 10350 | D:5      | Reached XP level 9. HP: 51/51 MP: 12/21
 10455 | D:4      | Killed from afar by an orc priest

Skill      XL: |  1  2  3  4  5  6  7  8 |
---------------+-------------------------+-----
Conjurations   | 2 3 4 5 6 |  6.8
Dodging        | 3 4 5 6 |  6.6
Fighting       | 1 2 3 |  3.5
Spellcasting   | 5 6 |  6.9
Air Magic      | 1 2 |  2.0
Poison Magic   | 1 2 |  2.0
Fire Magic     | 1 2 4 |  4.2
Summonings     | 2 |  2.0
Translocations | 2 |  2.0
Stealth        | |  2.4

Action                   |  1- 3 |  4- 6 |  7- 9 || total
-------------------------+-------+-------+-------++-------
Melee: Dagger            |     1 |    24 |    17 ||    42
 Fire: Shortbow          |       |       |    19 ||    19
 Cast: Magic Dart        |   102 |   240 |   220 ||   562
       Call Imp          |       |    10 |    44 ||    54
       Blink             |       |     1 |     5 ||     6
       Conjure Flame     |       |     1 |     1 ||     2
       Mephitic Cloud    |       |       |     5 ||     5
  Use: Scroll            |       |     7 |       ||     7
  Eat: Chunk             |     3 |    12 |    14 ||    29
Armor: Robe              |     4 |     3 |       ||     7
       Leather armour    |       |    44 |    74 ||   118
Dodge: Dodged            |    27 |    70 |   128 ||   225
